 Dungeon Crawl Stone Soup version 0.24.0-37-gcf1ca852f1 (webtiles) character file.

Game seed: 16743832557317288640, levelgen mode: deterministic

786 Cryoshakespeare the Chopper (level 7, -4/44 HPs)
             Began as a Tengu Fighter on Nov 23, 2019.
             Was a Follower of Makhleb.
             Slain by an ogre
             ... wielding a +0 giant club
              (14 damage)
             ... on level 4 of the Dungeon.
             The game lasted 00:04:58 (3155 turns).

Cryoshakespeare the Chopper (Tengu Fighter)         Turns: 3155, Time: 00:04:59

Health: -4/44      AC:  9    Str: 18    XL:     7   Next: 87%
Magic:  8/8        EV:  8    Int:  9    God:    Makhleb [*.....]
Gold:   163        SH:  9    Dex: 18    Spells: 6/6 levels left

rFire    . . .     SeeInvis .   a - +0 war axe
rCold    . . .     Gourm    .   c - +0 shield
rNeg     . . .     Faith    .   t - +0 chain mail
rPois    .         Spirit   .   (helmet restricted)
rElec    .         Reflect  .   (no cloak)
rCorr    .         Harm     .   (no gloves)
MR       .....                  (boots unavailable)
Stlth    ..........             (no amulet)
HPRegen  0.14/turn              e - +5 ring of dexterity
MPRegen  0.11/turn              n - ring of wizardry

@: flying quickly and evasively, quick
A: beak, talons 3, able to fly
a: Stop Flying, Renounce Religion


You were on level 4 of the Dungeon.
You worshipped Makhleb.
Makhleb was aware of your devotion.
You were not hungry.

You visited 1 branch of the dungeon, and saw 4 of its levels.

You collected 163 gold pieces.

Inventory:

Hand Weapons
 a - a +0 war axe (weapon)
Armour
 c - a +0 shield (worn)
 t - a +0 chain mail (worn)
Jewellery
 e - a +5 ring of dexterity (left hand)
 n - a ring of wizardry (right hand)
 v - an uncursed amulet of the gourmand {unknown}
 x - an uncursed amulet of faith {unknown}
Scrolls
 j - 2 scrolls of enchant weapon {unknown}
 q - 3 scrolls of identify
 r - 2 scrolls of immolation {unknown}
 s - 2 scrolls of amnesia {unknown}
 y - a scroll of magic mapping {unknown}
Potions
 b - 3 potions of lignification {unknown}
 d - a potion of might
 g - 2 potions of curing
 h - a potion of haste {unknown}
 i - a potion of ambrosia {unknown}
 k - a potion of flight {unknown}
 l - a potion of berserk rage
 m - 2 potions of heal wounds {unknown}
 o - a potion of cancellation {unknown}
 p - a potion of agility {unknown}
 u - a potion of magic {unknown}
 w - a potion of mutation {unknown}
Comestibles
 f - 7 rations
 z - a chunk of flesh


   Skills:
 + Level 4.8 Fighting
 * Level 6.2 Axes
 + Level 5.2 Armour
 + Level 3.9 Dodging
 - Level 3.0 Shields


You had 6 spell levels left.
You didn't know any spells.
Your spell library was empty.

Dungeon Overview and Level Annotations

Branches:
Dungeon (4/15)
 Temple: D:4-7

Altars:
Makhleb
Zin
The Shining One

Annotations:
D:3 1 runed translucent door, dustbiter's ghost, weakling DgFE


Innate Abilities, Weirdness & Mutations

You have a beak for a mouth.
You have claws for feet.
You can fly continuously.


Message History

Things that are here:
a +0 giant club; an ogre skeleton You reach down and open the door.
There is an open door here.
You reach down and open the door.
There is an open door here.
j - 2 scrolls labeled HINICE BAUSMABB (gained 1)
There is an open door here.
There is an open door here.
An ogre comes into view. It is wielding a +0 giant club.
The ogre shouts!
Found a chain mail.
Found 15 gold pieces.
You slash the ogre!
The ogre is heavily wounded.
The ogre hits you with a +0 giant club!!
* * * LOW HITPOINT WARNING * * *
You are too injured to fight recklessly!
The ogre hits you with a +0 giant club!
You die...

#.......<).#....#.......
#..........#....#.......
#..........#....#.......
#..........#....#.......
#..........#....#.......
#..........'....#
#..........#....#
#..........#....#
#......@...#....#
+.....O....#....#
#..........#....#
#.....######....#
#.....# #.....# #.....#
#.....# #.....# ###'###
..$[.......# ##...#
...........# #....#


You could see an ogre.

Vanquished Creatures
  Grinder (D:3)
  Sigmund (D:3)
  2 ogres (D:4)
  A jelly (D:3)
  An orc priest (D:3)
  Jessica (D:3)
  An orc wizard (D:3)
  A worker ant (D:4)
  4 adders
  3 worms
  3 dart slugs
  4 leopard geckos
  5 orcs (D:3)
  6 giant cockroaches
  11 hobgoblins
  2 jackals (D:3)
  4 ball pythons
  6 bats
  4 frilled lizards
  9 goblins
  9 kobolds
  10 rats
89 creatures vanquished.

Notes
Turn   | Place    | Note
-------+----------+-------------------------------------------
     0 | D:1      | Cryoshakespeare the Tengu Fighter began the quest for the
                  | Orb.
     0 | D:1      | Reached XP level 1. HP: 14/14 MP: 2/2
   254 | D:1      | Reached XP level 2. HP: 19/19 MP: 3/3
   509 | D:1      | Reached skill level 1 in Dodging
   543 | D:1      | Reached XP level 3. HP: 16/23 MP: 4/4
   546 | D:1      | Reached skill level 3 in Axes
  1046 | D:2      | Found a burning altar of Makhleb.
  1106 | D:2      | Reached XP level 4. HP: 25/28 MP: 5/5
  1211 | D:2      | Found a glowing silver altar of Zin.
  1211 | D:2      | Noticed a balrug
  1211 | D:2      | Noticed an angel
  1214 | D:2      | Became a worshipper of Makhleb the Destroyer
  1585 | D:2      | Found a glowing golden altar of the Shining One.
  1774 | D:3      | Found a runed translucent door.
  1774 | D:3      | Noticed dustbiter's ghost (weakling DgFE)
  1850 | D:3      | Noticed Sigmund
  1862 | D:3      | Killed Sigmund
  1862 | D:3      | Reached skill level 4 in Axes
  1862 | D:3      | Gained mutation: You can fly continuously. [Tengu growth]
  1862 | D:3      | Reached XP level 5. HP: 13/33 MP: 6/6
  1862 | D:3      | Reached XP level 6. HP: 15/38 MP: 7/7
  2080 | D:3      | Reached * piety under Makhleb
  2080 | D:3      | Noticed Jessica
  2088 | D:3      | Killed Jessica
  2088 | D:3      | Reached skill level 5 in Axes
  2636 | D:3      | Noticed Grinder
  2641 | D:3      | Paralysed by Grinder for 5 turns
  2651 | D:3      | Killed Grinder
  2651 | D:3      | Reached XP level 7. HP: 25/44 MP: 8/8
  2902 | D:4      | Reached skill level 6 in Axes
  2902 | D:4      | Reached skill level 5 in Armour
  3155 | D:4      | Slain by an ogre

Levels and vault maps discovered:
D:1:      scummos_arrival_simple_crosswalls, layout_loops_corners,
          chequers_mini_garden, minmay_ruptured
D:2:      layout_basic, grunt_temple_overflow_order_and_chaos_2,
          nicolae_tso_carved_into_rock
D:3:      layout_loops_ring, first_ration, hellmonk_ghost_happy_afterlife,
          uniq_sigmund, uniq_jessica, uniq_grinder
D:4:      layout_gridville, nicolae_qazlal_style_of_elements

Skill      XL: |  1  2  3  4  5  6  7 |
---------------+----------------------+-----
Dodging        | 1 2 3 |  3.9
Axes           | 3 4 5 6 |  6.2
Fighting       | 4 |  4.8
Armour         | 4 5 |  5.2
Shields        | |  3.0

Action                   |  1- 3 |  4- 6 |  7- 9 || total
-------------------------+-------+-------+-------++-------
Melee: War axe           |    74 |    98 |    12 ||   184
       Peck              |    12 |    14 |     4 ||    30
       Kick              |    19 |    31 |     3 ||    53
 Abil: Fly               |       |     1 |       ||     1
  Use: Scroll            |     2 |       |       ||     2
       Potion            |       |     1 |       ||     1
  Eat: Chunk             |     1 |     4 |     2 ||     7
Armor: Scale mail        |    24 |    11 |       ||    35
       Chain mail        |       |    37 |       ||    37
Dodge: Dodged            |    16 |    26 |     4 ||    46
Block: Shield            |    37 |    48 |     3 ||    88
